 Dungeon Crawl Stone Soup version 0.21.1-1-g345015f (webtiles) character file.

28 Goblin1989 the Insei (level 2, -3/21 HPs)
             Began as a Demonspawn Transmuter on Mar 2, 2018.
             Killed from afar by Natasha (5 damage)
             ... with a magic dart
             ... on level 3 of the Dungeon.
             The game lasted 00:01:28 (1631 turns).

Goblin1989 the Insei (Demonspawn Transmuter)        Turns: 1631, Time: 00:01:28

Health: -3/21      AC:  2    Str: 10    XL:     2   Next: 96%
Magic:  5/5        EV: 12    Int: 14    God:
Gold:   111        SH:  0    Dex: 13    Spells: 4/5 levels left

rFire    . . .     SeeInvis .     - Unarmed
rCold    . . .     Gourm    .   (no shield)
rNeg     . . .     Faith    .   b - +0 robe
rPois    .         Spirit   .   (no helmet)
rElec    .         Reflect  .   (no cloak)
rCorr    .         Harm     .   (no gloves)
MR       .....                  (no boots)
Stlth    +.........             (no amulet)
HPRegen  0.07/turn              (no ring)
MPRegen  0.09/turn              (no ring)

@: no status effects
A: spiny 1
a: no special abilities


You were on level 3 of the Dungeon.
You were not hungry.

You visited 1 branch of the dungeon, and saw 3 of its levels.

You collected 111 gold pieces.

Inventory:

Missiles
 a - 45 arrows
 j - 97 stones (quivered)
Armour
 b - a +0 robe (worn)
 n - a +0 scale mail
Jewellery
 l - an uncursed amulet of rage {unknown}
Scrolls
 h - a scroll of remove curse {unknown}
 i - a scroll of enchant weapon {unknown}
 k - 2 scrolls of teleportation {unknown}
 m - 3 scrolls of identify {unknown}
 p - a scroll of fog {unknown}
 s - a scroll of random uselessness {unknown}
Potions
 g - a potion of haste {unknown}
 q - a potion of might {unknown}
 u - a potion of curing {unknown}
Books
 c - a book of Changes

   Spells                             Type                      Level
   a - Beastly Appendage              Transmutation                1
   b - Sticks to Snakes               Transmutation                2
   c - Spider Form                    Transmutation/Poison         3
   d - Ice Form                       Ice/Transmutation            4
   e - Blade Hands                    Transmutation                5
Comestibles
 e - 6 rations
 t - 2 chunks of flesh


   Skills:
 - Level 1.0 Fighting
 - Level 1.7 Dodging
 + Level 3.8 Unarmed Combat
 - Level 2.0 Spellcasting
 - Level 1.7 Transmutations


You had 4 spell levels left.
You knew the following spells:

 Your Spells              Type           Power        Failure   Level  Hunger
a - Beastly Appendage     Tmut           #.....       12%         1    ##.....


Dungeon Overview and Level Annotations

Branches:
Dungeon (3/15)

Altars:

Annotations:
D:3 Natasha


Innate Abilities, Weirdness & Mutations

You are partially covered in sharp spines.


Message History

No target in view!
No target in view!
No target in view!
No target in view!
No target in view!
No target in view!
No target in view!
No target in view!
No target in view!
No target in view!
No target in view!
No target in view!
No target in view!
No target in view!
No target in view!
No target in view!
Some of the chunks of flesh in your inventory have rotted away.
You butcher the quokka corpse.
t - 6 chunks of flesh (gained 2) Health restored: 21 Some of the chunks of flesh in your inventory have rotted away.
Found a stone staircase leading up.
Done exploring.
Done exploring.
No target in view!
(D) Dungeon
Where to? (Enter - D:2, ? - help)
There is a stone staircase leading down here.
You climb downwards.
Marking area around Natasha as unsafe for travelling.
Natasha, Servant of Life and Death comes into view.
There is a stone staircase leading up here.
Unknown command.
Natasha hisses angrily.
Natasha mumbles some strange words.
You closely miss the crimson imp.
Natasha mumbles some strange words.
You hit the crimson imp.
The crimson imp is lightly wounded.
The crimson imp is struck by your spines.
The crimson imp misses you.
Natasha mumbles some strange words.
You barely miss the crimson imp.
The crimson imp is lightly wounded.
The crimson imp closely misses you.
You punch the crimson imp!
The crimson imp is heavily wounded.
Natasha is struck by your spines. Natasha completely misses you.
The crimson imp blinks!
You miss Natasha.
Natasha is lightly wounded.
Natasha barely misses you.
You closely miss Natasha.
Natasha is lightly wounded.
Natasha is struck by your spines. Natasha claws you.
You take 2 damage, and have 19/21 hp.
You closely miss Natasha.
Natasha is moderately wounded.
Natasha stares at you and mumbles some strange words.
The magic dart hits you!
The crimson imp blinks! x2
You take 9 damage, and have 10/21 hp.
MASSIVE DAMAGE!!
You are too injured to fight recklessly!
You are too injured to fight recklessly!
You are too injured to fight recklessly!
You are too injured to fight recklessly!
You are too injured to fight recklessly!
You are too injured to fight recklessly!
You are too injured to fight recklessly!
You are too injured to fight recklessly!
You are too injured to fight recklessly!
You are too injured to fight recklessly!
You are too injured to fight recklessly!
You are too injured to fight recklessly!
You are too injured to fight recklessly!
You are too injured to fight recklessly!
You are too injured to fight recklessly!
You are too injured to fight recklessly!
You are too injured to fight recklessly!
You are too injured to fight recklessly!
You are too injured to fight recklessly!
You are too injured to fight recklessly!
You are too injured to fight recklessly!
You are too injured to fight recklessly!
You are too injured to fight recklessly!
Unknown command.
You hit Natasha.
Natasha is heavily wounded.
Natasha barely misses you.
You barely miss Natasha.
Natasha is heavily wounded.
Natasha casts a spell at you. The magic dart hits you!
* * * LOW HITPOINT WARNING * * *
The crimson imp blinks! x2
You take 8 damage, and have 2/21 hp.
MASSIVE DAMAGE!!
You hit Natasha.
Natasha is severely wounded.
Natasha stares at you and mumbles some strange words.
The magic dart hits you!
You die...

..█ ..█ ..█
█.█ █.█ █.█
█.█
██<███████.█
█..5@h5....█
█..█████████
.....█
......██
██.███ █. █


You could see Natasha, a crimson imp and a white imp.

Vanquished Creatures
  A worm (D:2)
  A dart slug (D:1)
  A ball python (D:2)
  4 bats
  3 giant cockroaches
  2 goblins (D:2)
  2 hobgoblins (D:2)
  A quokka (D:2)
  2 frilled lizards
  2 kobolds (D:2)
  A rat (D:1)
20 creatures vanquished.

Notes
Turn   | Place    | Note
-------+----------+-------------------------------------------
     0 | D:1      | Goblin1989 the Demonspawn Transmuter began the quest for the Orb.
     0 | D:1      | Reached XP level 1. HP: 15/15 MP: 3/3
   227 | D:1      | Reached skill level 3 in Unarmed Combat
   586 | D:1      | Gained mutation: You are partially covered in sharp spines. [demonic ancestry]
   586 | D:1      | Reached XP level 2. HP: 21/21 MP: 5/5
  1619 | D:3      | Noticed Natasha
  1622 | D:3      | Noticed a crimson imp
  1624 | D:3      | Noticed a crimson imp
  1631 | D:3      | Killed from afar by Natasha

Skill      XL: |  1 |
---------------+----+-----
Unarmed Combat | 3 |  3.8
Fighting       | |  1.0
Dodging        | |  1.7
Spellcasting   | |  2.0
Transmutations | |  1.7

Action                   || total
-------------------------++-------
Melee: Unarmed           ||    76
       Punch             ||     1
 Stab: Sleeping          ||     2
  Eat: Chunk             ||     2
Armor: Robe              ||    21
Dodge: Dodged            ||    49

Vault maps used:
D:1:      shiori_arrival_elements, roderic_three_in_a_row
D:3:      first_ration, chequers_ecumenical_altar_island,
          minmay_misc_feat_ornament, uniq_natasha, uniq_terence
